 Dungeon Crawl Stone Soup version 0.23.0 (webtiles) character file.

Game seed: 16776960565451095908

2757 LostNumber the Grappler (level 9, 0/87 (88) HPs)
             Began as a Troll Ice Elementalist on Feb 14, 2019.
             Was a Believer of Elyvilon.
             Succumbed to a hornet's poison
             ... on level 7 of the Dungeon.
             The game lasted 00:09:49 (6142 turns).

LostNumber the Grappler (Troll Ice Elementalist)    Turns: 6142, Time: 00:09:50

HP:   0/87 (88)     AC:  6    Str: 21      XL:     9   Next: 41%
MP:   7/10          EV:  7    Int: 11      God:    Elyvilon [**....]
Gold: 267           SH:  8    Dex:  7 (10) Spells: 9/10 levels left

rFire    . . .     SeeInvis .     - Unarmed
rCold    . . .     Gourm    +   x - +0 shield (curse)
rNeg     . . .     Faith    .   a - +0 robe
rPois    .         Spirit   .   (helmet restricted)
rElec    .         Reflect  .   (no cloak)
rCorr    .         Harm     .   (gloves unavailable)
MR       .....                  (boots unavailable)
Stlth    +.........             (no amulet)
HPRegen  0.64/turn              (no ring)
MPRegen  0.12/turn              q - ring of flight (curse)

@: lethally poisoned (0 -> -23), slowed, very slow
A: large, unfitting armour, claws 3, fast metabolism 3, gourmand, regeneration
1, shaggy fur 1, tough skin 3
a: Lesser Healing, Heal Other, Divine Protection, Renounce Religion, Evoke
Flight


You were on level 7 of the Dungeon.
You worshipped Elyvilon.
Elyvilon was pleased with you.
You were not hungry.

You visited 2 branches of the dungeon, and saw 8 of its levels.

You collected 267 gold pieces.

Inventory:

Missiles
 s - 5 throwing nets (quivered) {!f}
Armour
 a - a +0 robe (worn)
 x - a cursed +0 shield (worn)
   (You found it on level 5 of the Dungeon)
Jewellery
 g - an uncursed ring of resist corrosion
   (You found it on level 1 of the Dungeon)
 q - a cursed ring of flight (right claw)
   (You found it on level 3 of the Dungeon)
 z - an uncursed amulet of rage {unknown}
   (You found it on level 5 of the Dungeon)
 C - an uncursed ring of ice
   (You found it on level 4 of the Dungeon)
Wands
 c - a wand of disintegration (22)
   (You found it on level 6 of the Dungeon)
 d - a wand of iceblast (5)
   (You found it on level 5 of the Dungeon)
 t - a wand of flame (20)
   (You found it on level 6 of the Dungeon)
 u - a wand of paralysis (6)
   (You found it on level 5 of the Dungeon)
 v - a wand of digging (5)
   (You found it on level 7 of the Dungeon)
 B - a wand of polymorph (4)
   (You found it on level 5 of the Dungeon)
Scrolls
 f - 3 scrolls of teleportation {unknown}
 h - 2 scrolls of immolation {unknown}
 i - 2 scrolls of enchant armour
 k - 2 scrolls of amnesia {unknown}
 o - 2 scrolls of remove curse {unknown}
 y - 4 scrolls of enchant weapon
 F - 2 scrolls of fog {unknown}
 G - a scroll of torment {unknown}
 H - a scroll of magic mapping {unknown}
 I - a scroll of identify {@r1}
Potions
 b - 2 potions of lignification {unknown}
 j - 2 potions of mutation {!q}
 l - 2 potions of might {unknown}
 m - 2 potions of agility {unknown}
 n - a potion of cancellation {unknown}
 p - a potion of heal wounds {unknown}
 r - a potion of berserk rage {unknown}
 w - 2 potions of flight {unknown}
 A - 4 potions of curing {unknown}
 D - a potion of degeneration {unknown}
 E - a potion of haste {unknown}
 J - a potion of magic {unknown}
Comestibles
 e - 14 rations {!d}


   Skills:
 + Level 5.5 Fighting
 - Level 1.5 Dodging
 - Level 1.0 Stealth
 + Level 2.5 Shields
 * Level 9.5 Unarmed Combat
 - Level 1.2 Spellcasting
   Level 0.6 Conjurations
 - Level 2.1 Ice Magic
 + Level 3.7 Invocations


You had 9 spell levels left.
You knew the following spells:

 Your Spells              Type           Power        Failure   Level  Hunger
a - Freeze                Ice            #...         45%         1    ##.....

Your spell library contained the following spells:

 Spells                   Type           Power        Failure   Level  Hunger
 Throw Frost              Conj/Ice       #.....       73%         2    ###....
 Ozocubu's Armour         Chrm/Ice       #.......     94%         3    ####...
 Summon Ice Beast         Ice/Summ       #.......     100%        4    #####..
 Throw Icicle             Conj/Ice       #.......     100%        4    #####..


Dungeon Overview and Level Annotations

Branches:
Dungeon (7/15)             Temple (1/1) D:4

Altars:
Ashenzari
Cheibriados
Dithmenos
Elyvilon
Fedhas
Gozag
Hepliaklqana
Kikubaaqudgha
Makhleb
Nemelex Xobeh
Okawaru
Qazlal
Sif Muna
Trog
Uskayaw
Vehumet
Wu Jian
Xom
Yredelemnul
Zin
The Shining One


Innate Abilities, Weirdness & Mutations

You are too large for most types of armour.
You have claws for hands.
Your metabolism is lightning-fast.
You like to eat raw meat.
Your natural rate of healing is unusually fast.
You are covered in fur. (AC +1)
You have extremely tough skin. (AC +3)


Message History

You feel yourself slow down.
You feel yourself speed up.
You feel sick. The hornet stings you.
You feel yourself slow down.
You feel sick. The hornet stings you.
You feel as though you will be slow longer.
The hornet stings you!
You feel as though you will be slow longer.
You can move again.
Unknown command.
Unknown command.
You are healed.
You feel somewhat more hungry.
You feel sick. You block the hornet's attack. The hornet stings you.
You feel as though you will be slow longer.
The mass of ice explodes!
The iceblast engulfs the hornet!
You feel sick. The hornet stings you!
You feel as though you will be slow longer.
The hornet stings you!
* * * LOW HITPOINT WARNING * * *
You are more poisoned.
You feel as though you will be slow longer.
Aim: a hornet (moderately wounded, chance to defeat MR: 37%)
The hornet easily resists.
You feel sick.
The hornet stings you but does no damage.
The hornet stings you!
* * * LOW HITPOINT WARNING * * *
You are more poisoned.
You suddenly lose the ability to move!
You feel sick. The hornet stings you.
* * * LOW HITPOINT WARNING * * *
You are more poisoned.
You feel as though you will be slow longer.
The hornet stings you!
* * * LOW HITPOINT WARNING * * *
You are more poisoned.
You feel as though you will be slow longer.
You can move again.
Unknown command.
You are healed.
You feel somewhat more hungry.
* * * LOW HITPOINT WARNING * * *
You feel very sick. The hornet stings you!
* * * LOW HITPOINT WARNING * * *
You feel as though you will be slow longer.
The hornet completely misses you.
Okay, then.
Heal: a hornet (moderately wounded, chance to pacify: 61%)
The hornet turns neutral.
You heal the hornet.
The hornet is completely healed.
You feel quite a bit more hungry.
You die...

#.####### #..######.#
#.......# #..# #)# #######.#
#..# #.# #.#########..# #.#
#.#..........# #.#
#.#.#######.#######.##
#######.#..................#
........#..####...##########
#########..)....@.#
##.####y#.# # #(# ...#.# #
#(##.###># # #(##. ..# #
##(#### ### # #.....#
#############.#
........).....#


You could see a neutral hornet (wandering).

Vanquished Creatures
  Grinder (D:4)
  Duvessa (D:4)
  A necrophage (D:6)
  2 ogres
  3 centaurs
  2 phantoms
  Blork the orc (D:5)
  A bullfrog (D:4)
  A gnoll sergeant (D:3)
  Dowan (D:4)
  A scorpion (D:6)
  4 wights (D:6)
  A howler monkey (D:5)
  A crimson imp (D:6)
  2 quasits
  A hound (D:6)
  5 orc priests
  2 centaur skeletons
  2 gnoll shamans (D:3)
  3 orc wizards
  Jessica (D:3)
  Terence (D:2)
  3 worker ants (D:6)
  A killer bee zombie (D:5)
  A hound zombie (D:5)
  A howler monkey skeleton (D:5)
  38 gnolls (D:3)
  3 adders
  5 oozes
  2 worms
  2 dart slugs
  5 leopard geckos
  16 orcs
  3 ball pythons
  5 giant cockroaches
  5 hobgoblins
  19 jackals
  2 quokkas
  A ball python skeleton (D:6)
  5 bats
  8 frilled lizards
  7 goblins
  4 kobolds
  A leopard gecko skeleton (D:4)
  11 rats
186 creatures vanquished.

Notes
Turn   | Place    | Note
-------+----------+-------------------------------------------
     0 | D:1      | LostNumber the Troll Ice Elementalist began the quest for
                  | the Orb.
     0 | D:1      | Reached XP level 1. HP: 16/16 MP: 1/1
    68 | D:1      | Reached skill level 1 in Unarmed Combat
   108 | D:1      | Reached XP level 2. HP: 21/26 MP: 2/2
   737 | D:2      | Reached skill level 1 in Fighting
   737 | D:2      | Reached skill level 2 in Unarmed Combat
   737 | D:2      | Reached XP level 3. HP: 27/33 MP: 3/3
   768 | D:2      | Noticed Terence
   783 | D:2      | Killed Terence
   905 | D:2      | Reached XP level 4. HP: 40/41 MP: 4/4
  1215 | D:2      | Reached skill level 3 in Unarmed Combat
  1482 | D:3      | Noticed Jessica
  1489 | D:3      | Killed Jessica
  1582 | D:3      | Reached XP level 5. HP: 46/49 MP: 5/5
  1649 | D:3      | Reached skill level 4 in Unarmed Combat
  1860 | D:3      | Reached XP level 6. HP: 49/59 MP: 6/6
  2154 | D:3      | Reached skill level 5 in Unarmed Combat
  2285 | D:3      | Reached XP level 7. HP: 16/67 MP: 7/7
  2329 | D:3      | Reached skill level 6 in Unarmed Combat
  3118 | D:4      | Found a staircase to the Ecumenical Temple.
  3243 | Temple   | Entered the Ecumenical Temple
  3253 | Temple   | Reached skill level 7 in Unarmed Combat
  3329 | Temple   | Became a worshipper of Elyvilon the Healer
  3381 | D:4      | Noticed Grinder
  3395 | D:4      | Paralysed by Grinder for 4 turns
  3409 | D:4      | Killed Grinder
  3409 | D:4      | Reached skill level 1 in Invocations
  3409 | D:4      | Reached XP level 8. HP: 40/78 MP: 8/8
  3592 | D:4      | Noticed Duvessa
  3592 | D:4      | Noticed Dowan
  3600 | D:4      | Killed Duvessa
  3613 | D:4      | Killed Dowan
  3613 | D:4      | Reached skill level 8 in Unarmed Combat
  3772 | D:4      | Reached * piety under Elyvilon
  3878 | D:5      | Entered Level 5 of the Dungeon
  4034 | D:5      | Noticed Blork the orc
  4041 | D:5      | Killed Blork the orc
  4623 | D:5      | Found a radiant altar of Vehumet.
  4623 | D:5      | Found a faded altar of an unknown god.
  4628 | D:5      | Found a bloodstained altar of Trog.
  4630 | D:5      | Found a shattered altar of Ashenzari.
  4631 | D:5      | Found a faded altar of an unknown god.
  4918 | D:6      | Reached skill level 1 in Shields
  4921 | D:6      | Reached skill level 5 in Fighting
  5008 | D:6      | Reached XP level 9. HP: 34/87 MP: 10/10
  5172 | D:6      | Reached ** piety under Elyvilon
  5232 | D:6      | Reached skill level 9 in Unarmed Combat
  6134 | D:7      | Paralysed by a hornet for 2 turns
  6139 | D:7      | Paralysed by a hornet for 2 turns
  6141 | D:7      | HP: 4/87 [hornet (7)]
  6142 | D:7      | Succumbed to a hornet's poison

Skill      XL: |  1  2  3  4  5  6  7  8  9 |
---------------+----------------------------+-----
Unarmed Combat | 1 2 3 4 5 7 8 9 |  9.5
Fighting       | 1 2 3 4 5 |  5.5
Invocations    | 1 3 |  3.7
Shields        | 1 2 |  2.5
Dodging        | |  1.5
Stealth        | |  1.0
Spellcasting   | |  1.2
Conjurations   | |  0.6
Ice Magic      | |  2.1

Action                   |  1- 3 |  4- 6 |  7- 9 || total
-------------------------+-------+-------+-------++-------
Melee: Unarmed           |    85 |   211 |   326 ||   622
       Punch             |       |     8 |     1 ||     9
Invok: Lesser Healing    |       |       |     2 ||     2
       Heal Other        |       |       |     1 ||     1
Evoke: Wand              |       |       |     2 ||     2
  Use: Scroll            |       |       |     3 ||     3
 Stab: Sleeping          |     1 |     2 |     2 ||     5
  Eat: Chunk             |    13 |    13 |    31 ||    57
Armor: Robe              |    42 |    73 |    90 ||   205
Dodge: Dodged            |    54 |   113 |   136 ||   303
Block: Shield            |       |       |    67 ||    67
